 Dungeon Crawl Stone Soup version 0.31-a0-222-gefeffbb62a (webtiles) character file.

Game seed: 18298231219254115218

82217 protoss039 the Warrior (level 15, -1/131 HPs)
             Began as a Demonspawn Earth Elementalist on July 5, 2023.
             Was a High Priest of Vehumet.
             Slain by a very large slime creature (31 damage)
             ... on level 13 of the Dungeon.
             The game lasted 01:04:29 (26027 turns).

protoss039 the Warrior (DsEE)                      Turns: 26027, Time: 01:04:30

Health: -1/131     AC: 10    Str:  8    XL:     15   Next: 28%
Magic:  0/30       EV: 11    Int: 27    God:    Vehumet [*****.]
Gold:   1457       SH:  5    Dex: 13    Spells: 9/37 levels left

rFire   + + .        c - +7 Throatcutter {drain, coup de grace}
rCold   x . .        E - +0 buckler
rNeg    + . .        a - +3 leather armour {Will+}
rPois   .            I - +1 hat {Stlth+}
rElec   .            (no cloak)
rCorr   .            (gloves unavailable)
SInv    .            (no boots)
Will    ++...        v - amulet of guardian spirit
Stlth   +++          F - ring of Juidudgh {rF+ rN+}
HPRegen 2.41/turn    U - ring of fire
MPRegen 0.22/turn

%: guardian spirit
@: no status effects
A: claws 3, thin metallic scales 2, icemail 1, powered by death 2, augmentation
1, condensation shield, clever 1, MP-powered wands
a: Renounce Religion


You were on level 13 of the Dungeon.
You worshipped Vehumet.
Vehumet was extremely pleased with you.
You visited 4 branches of the dungeon, and saw 21 of its levels.
You also visited: Sewer and Volcano.

You collected 2521 gold pieces.
You spent 1064 gold pieces at shops.

Inventory:

Hand Weapons
 c - the +7 Throatcutter (weapon) {drain, coup de grace}
   (You took it off Terence on level 3 of the Dungeon)
 e - a +1 demon whip of venom
 r - a +0 scimitar of flaming
Missiles
 n - 2 throwing nets
Armour
 a - a +3 leather armour of willpower (worn)
 y - a +0 leather armour of cold resistance
 E - a +0 buckler (worn)
 I - a +1 hat of stealth (worn)
 V - a +1 leather armour of fire resistance
Magical Staves
 R - a staff of poison
Jewellery
 t - a ring of wizardry
 v - an amulet of guardian spirit (around neck)
 C - a ring of protection from cold
 F - the ring of Juidudgh (left claw) {rF+ rN+}
   (You bought it in a shop on level 2 of the Orcish Mines)

   [ring of protection from fire]

   rF:        It protects you from fire.
   rN:        It protects you from negative energy.
 G - a ring of willpower
 O - a ring of see invisible
 U - a ring of fire (right claw)
Wands
 i - a wand of roots (6)
 s - a wand of paralysis (9)
 z - a wand of acid (8)
 M - a wand of flame (4)
 N - a wand of mindburst (21)
Scrolls
 f - a scroll of identify
 k - a scroll of enchant weapon {unknown}
 l - 3 scrolls of amnesia
 u - 3 scrolls of enchant armour
 w - 4 scrolls of immolation
 x - a scroll of acquirement {unknown}
 A - a scroll of teleportation
 B - a scroll of fog
 H - a scroll of brand weapon {unknown}
 L - 2 scrolls of blinking
 Q - 3 scrolls of revelation {unknown}
 T - 2 scrolls of summoning
Potions
 b - 2 potions of magic
 d - 6 potions of cancellation
 g - 4 potions of curing
 h - 5 potions of might
 j - 2 potions of berserk rage
 m - 2 potions of mutation
 o - 4 potions of haste
 p - a potion of brilliance {unknown}
 q - 4 potions of lignification
 J - 2 potions of enlightenment
 K - a potion of heal wounds {unknown}
 P - 3 potions of ambrosia
 S - a potion of invisibility
Miscellaneous
 D - a condenser vane


   Skills:
 + Level 16.0 Fighting
 + Level 6.9 Armour
 - Level 1.7 Dodging
 - Level 1.7 Stealth
 + Level 6.9 Shields
 + Level 11.5 Spellcasting
 + Level 7.0 Conjurations
 - Level 3.0 Translocations
 - Level 3.0 Transmutations
 - Level 3.0 Air Magic
 + Level 11.6 Earth Magic
 - Level 3.0 Poison Magic
 - Level 3.0 Evocations


You had 9 spell levels left.
You knew the following spells:

 Your Spells              Type           Power      Damage    Failure   Level
a - Sandblast             Erth           100%       2d20      1%          1
b - Passwall              Tmut/Erth      44%        N/A       1%          2
c - Stone Arrow           Conj/Erth      100%       3d13      1%          3
d - Ignite Poison         Fire/Tmut/Pois 39%        N/A       2%          3
e - Iskenderun's Mystic   Conj/Tloc      42%        2d10      2%          4
g - Mephitic Cloud        Conj/Pois/Air  39%        N/A       1%          3
i - Borgnjor's Vile Clut  Necr/Erth      23%        N/A       19%         5
j - Orb of Destruction    Conj           26%        9d9       61%         7

Your spell library contained the following spells:

 Spells                   Type           Power      Damage    Failure   Level
 Magic Dart               Conj           100%       1d8       1%          1
 Hailstorm                Conj/Ice       34%        3d9       1%          3
 Apportation              Tloc           62%        N/A       2%          1
 Petrify                  Tmut/Erth      53%        N/A       3%          4
 Cigotuvi's Dreadful Rot  Necr/Pois/Air  52%        N/A       4%          2
 Necrotise                Necr           60%        1d7       8%          1
 Summon Small Mammal      Summ           60%        N/A       8%          1
 Call Imp                 Summ           30%        N/A       11%         2
 Ozocubu's Armour         Ice            15%        N/A       22%         3
 Tukima's Dance           Hex            15%        N/A       22%         3
 Passage of Golubria      Tloc           31%        N/A       22%         4
 Yara's Violent Unravell  Hex/Tmut       11%        3d6       28%         5
 Ice Form                 Ice/Tmut       23%        N/A       36%         4
 Alistair's Intoxication  Tmut/Pois      20%        N/A       52%         5
 Dispel Undead            Necr           15%        3d10      58%         4
 Summon Ice Beast         Ice/Summ       15%        N/A       58%         4
 Eringya's Noxious Bog    Tmut/Pois      15%        N/A       58%         6
 Summon Mana Viper        Hex/Summ       15%        N/A       90%         5
 Death Channel            Necr           7%         N/A       100%        6
 Simulacrum               Ice/Necr       7%         N/A       100%        6
 Monstrous Menagerie      Summ           7%         N/A       100%        7
 Ozocubu's Refrigeration  Ice            7%         4d9       100%        7


Dungeon Overview and Level Annotations

Branches:
Dungeon (13/15) Zot: 26752  Temple (1/1) D:6 Zot: 5863    Lair (5/5) D:11 Zot: 21486
  Swamp (0/4) Lair:2        Snake (0/4) Lair:2        Slime (0/5) Lair:4
    Orc (2/2) D:9 Zot: 10187     Elf (0/3) Orc:2         Sewer (visited)
Volcano (visited)
 Vaults: D:13-14

Altars:
Ashenzari
Cheibriados
Dithmenos
Fedhas
Gozag
Hepliaklqana
Kikubaaqudgha
Makhleb
Nemelex Xobeh
Okawaru
Qazlal
Ru
Sif Muna
Trog
Uskayaw
Vehumet
Wu Jian
Xom
Yredelemnul
Jiyva

Shops:
D:5 (   D:6 *   D:9 (   D:10 [   Orc:1 (   Orc:2 *:(*

Annotations:
D:11 3 runed translucent doors, Rawos's ghost, journeyman DEFE; Ufram's ghost, journeyman FoEn
Lair:5 exclusion: hydra


Innate Abilities, Weirdness & Mutations

You have claws for hands.
You are mostly covered in thin metallic scales. (AC +3)
A meltable icy envelope protects you from harm. (AC +0)
You regenerate health from kills.
Your magical and physical power is slightly enhanced at high health.
A meltable shield of frost defends you. (SH +0)
Your mind is acute. (Int +4, Str/Dex -1)
You expend magic power (3 MP) to strengthen your wands.


Message History

Aim: a slime creature (moderately wounded, 95% to hit)
The stone arrow hits the slime creature!
The slime creature is heavily wounded.
The slime creature barely misses you.
Unknown command.
You hit the slime creature.
The slime creature is severely wounded.
Two slime creatures merge to form a large slime creature.
Two slime creatures merge to form a very large slime creature.
Unknown command.
Casting: Stone Arrow (safe; 1% risk of failure)
Confirm with . or Enter, or press ? or * to list all spells.
Aiming: Sandblast (safe; 1% risk of failure)
Press: ? - help, Shift-Dir - straight line, f/p - very large slime creature
Aim: a very large slime creature (severely wounded, 97% to hit)
The blast of sand hits the very large slime creature!!
The very large slime creature is severely wounded.
Unknown command.
Casting: Sandblast (safe; 1% risk of failure)
Confirm with . or Enter, or press ? or * to list all spells.
You don't have enough magic to cast this spell.
Unknown command.
Unknown command.
You slash the very large slime creature!
You drain the very large slime creature.
The very large slime creature is almost dead.
The very large slime creature hits you!!!
* * * LOW HITPOINT WARNING * * *
You block the very large slime creature's attack.
Unknown command.
You slash the very large slime creature!
You drain the very large slime creature.
The very large slime creature is almost dead.
The very large slime creature hits you but does no damage.
Unknown command.
You hit the very large slime creature.
The very large slime creature is almost dead.
You block the very large slime creature's attack.
The very large slime creature hits you!!
You die...

####.# ##.# #.# #..# #.#
#.## #.# #.# ####.## #†#
......# ##.########
####..# ##.........###
####..##......#.[.......
......##.###.###@###.##.
.##.........# ##J##.##.#
.###..##.### #.........
.###..# .. #.J....##.#
......# ## #.##.##.#
.###..# #. #.# .# .#
#..# . ... # .# #..# .
... .###..# ## #..


You could see a very large slime creature (drained).

Vanquished Creatures
  Gastronok (D:10)
  A fire giant (D:12)
  An ettin (Orc:2)
  Snorg (Orc:1)
  3 hydras
  Fannar (Lair:1)
  3 ogre magi
  Erica (D:10)
  2 catoblepae (Lair:5)
  8 two-headed ogres
  A death yak (Lair:2)
  Sonja (D:10)
  Amaemon (D:11)
  2 skysharks (Lair:5)
  2 deep trolls (Orc:2)
  3 orc knights
  5 oklob plants
  A deep elf archer (Volcano)
  6 deep elf pyromancers (Volcano)
  An ugly thing (D:13)
  An orc sorcerer (Orc:2)
  5 cyclopes
  A manticore (D:13)
  12 elephants
  A black mamba (Lair:3)
  2 torpor snails
  A molten gargoyle (Lair:3)
  A gargoyle (D:12)
  An orange demon (D:11)
  6 cane toads
  Psyche (D:10)
  An unseen horror (D:12)
  4 rime drakes
  8 komodo dragons
  A queen bee (Lair:2)
  9 polar bears
  14 trolls
  A wolf spider simulacrum (D:12)
  18 blink frogs
  6 hornets (Lair:5)
  11 dream sheep
  Grinder (D:3)
  3 slime creatures (D:13)
  2 shadows
  12 spriggans (Lair:5)
  A vampire (D:12)
  50 yaks
  5 wraiths
  6 wyverns
  Grum (Lair:1)
  5 humans (D:9)
  6 fire elementals (Volcano)
  6 basilisks
  2 steam dragons
  4 wargs
  2 nagas (Lair:2)
  6 vampire mosquitoes (D:11)
  3 acid dragons
  5 hell hounds (Volcano)
  16 water moccasins
  A sky beast (D:6)
  5 ice beasts
  12 orc warriors
  3 black bears
  4 boggarts (Lair:5)
  5 centaurs
  21 ogres
  44 wolves
  2 phantoms
  2 kobold brigands
  9 bullfrogs
  2 gnoll sergeants
  7 scorpions
  10 wights
  44 killer bees
  A howler monkey (D:7)
  A lava snake (Lair:3)
  The ghost of SlaveLabor the Shooter, a weakling TeHu (D:3)
  2 gnoll boudas
  3 hounds
  8 orc priests
  5 jellies
  6 iguanas
  2 sleepcaps (D:6)
  Terence (D:3)
  10 orc wizards
  12 hell rats
  3 adders
  25 gnolls
  A river rat (Sewer)
  2 shadow imps
  2 white imps
  An ufetubus (D:6)
  2 worms
  2 dart slugs
  35 orcs
  A bat skeleton (D:2)
  15 endoplasms
  5 giant cockroaches
  11 goblins
  4 hobgoblins
  3 jackals (D:1)
  21 kobolds
  4 quokkas
  15 ball pythons
  A ball python skeleton (D:2)
  5 bats
  4 frilled lizards
  A jackal zombie (D:2)
  8 rats
680 creatures vanquished.

Vanquished Creatures (others)
  2 centaur warriors (D:12)
2 creatures vanquished.

Grand Total: 682 creatures vanquished

Notes
Turn   | Place    | Note
-------+----------+-------------------------------------------
     0 | D:1      | protoss039 the Demonspawn Earth Elementalist began the
                  | quest for the Orb.
     0 | D:1      | Reached XP level 1. HP: 13/13 MP: 3/3
   159 | D:1      | Gained mutation: You have sharp fingernails. [demonic
                  | ancestry]
   159 | D:1      | Reached XP level 2. HP: 20/20 MP: 5/5
   206 | D:1      | Reached skill level 1 in Fighting
   522 | D:1      | Gained mutation: You are partially covered in thin metallic
                  | scales. (AC +2) [demonic ancestry]
   522 | D:1      | Reached XP level 3. HP: 21/26 MP: 3/6
   813 | D:1      | Learned a level 2 spell: Passwall
   817 | D:1      | Learned a level 3 spell: Stone Arrow
  1131 | D:2      | Gained mutation: You have very sharp fingernails. [demonic
                  | ancestry]
  1131 | D:2      | Reached XP level 4. HP: 33/33 MP: 6/8
  1172 | D:2      | Reached skill level 2 in Fighting
  1300 | D:2      | Reached skill level 1 in Conjurations
  1630 | D:3      | Found a runed translucent gate.
  1655 | D:3      | Found a runed translucent gate.
  1656 | D:3      | Found a runed translucent gate.
  1658 | D:3      | Noticed SlaveLabor's ghost (weakling TeHu)
  1658 | D:3      | Noticed a kobold brigand
  1677 | D:3      | Noticed Terence
  1693 | D:3      | Gained mutation: You expend magic power (3 MP) to
                  | strengthen your wands. [potion of mutation]
  1693 | D:3      | Gained mutation: Your mind is acute. (Int +4, Str/Dex -1)
                  | [potion of mutation]
  1708 | D:3      | Killed Terence
  1827 | D:3      | Found a glowing drain.
  1831 | Sewer    | Entered a sewer
  1904 | Sewer    | Reached XP level 5. HP: 39/39 MP: 9/9
  1924 | Sewer    | Found a viscous altar of Jiyva.
  2203 | D:3      | Noticed Grinder
  2207 | D:3      | Killed Grinder
  2208 | D:3      | Reached skill level 3 in Fighting
  2208 | D:3      | Reached XP level 6. HP: 47/47 MP: 4/11
  2893 | D:4      | Gained mutation: You regenerate a little health from kills.
                  | [demonic ancestry]
  2893 | D:4      | Reached XP level 7. HP: 52/52 MP: 11/13
  3386 | D:5      | Entered Level 5 of the Dungeon
  3552 | D:5      | Found a shimmering altar of Xom.
  3560 | D:5      | Reached skill level 4 in Fighting
  3709 | D:5      | Reached skill level 1 in Transmutations
  3764 | D:5      | Reached skill level 1 in Armour
  3764 | D:5      | Reached skill level 5 in Earth Magic
  3764 | D:5      | Gained mutation: You have claws for hands. [demonic
                  | ancestry]
  3764 | D:5      | Reached XP level 8. HP: 61/61 MP: 3/14
  3974 | D:5      | Reached skill level 5 in Fighting
  3974 | D:5      | Reached skill level 5 in Spellcasting
  4029 | D:5      | Found Pigan's Antique Weapon Shoppe.
  4552 | D:6      | Found a staircase to the Ecumenical Temple.
  4565 | Temple   | Entered the Ecumenical Temple
  4685 | Temple   | Became a worshipper of Vehumet
  4758 | D:6      | Gained mutation: You regenerate health from kills. [demonic
                  | ancestry]
  4758 | D:6      | Reached XP level 9. HP: 69/69 MP: 9/16
  4821 | D:6      | Reached skill level 1 in Evocations
  4823 | D:6      | Reached skill level 5 in Conjurations
  4866 | D:6      | Reached skill level 6 in Fighting
  5208 | D:6      | Found Qiarr's Gadget Gallery.
  5648 | D:7      | Reached * piety under Vehumet
  5648 | D:7      | Offered knowledge of Freeze by Vehumet.
  5906 | D:7      | Reached skill level 7 in Fighting
  7021 | D:8      | Gained mutation: A meltable shield of frost defends you.
                  | (SH +0) [demonic ancestry]
  7021 | D:8      | Reached XP level 10. HP: 79/79 MP: 15/19
  7088 | D:8      | Reached skill level 1 in Shields
  7099 | D:8      | Reached ** piety under Vehumet
  7100 | D:8      | Offered knowledge of Foxfire by Vehumet.
  7688 | D:8      | Found a shimmering blue altar of Sif Muna.
  8163 | D:9      | Found an opulent altar of Gozag.
  8222 | D:9      | Reached skill level 5 in Armour
  8222 | D:9      | Offered knowledge of Searing Ray by Vehumet.
  8337 | D:9      | Found Xeqihuuw's Weapon Shoppe.
  8343 | D:9      | Found a staircase to the Orcish Mines.
  8346 | D:9      | Reached skill level 8 in Fighting
  9058 | D:10     | Entered Level 10 of the Dungeon
  9058 | D:10     | Noticed Erica
  9058 | D:10     | Found Wolug's Armour Boutique.
  9187 | D:10     | Noticed Sonja
  9435 | D:10     | Killed Sonja
  9592 | D:10     | Bought a +3 leather armour of willpower for 264 gold pieces
  9612 | D:10     | Killed Erica
  9880 | D:10     | Reached XP level 11. HP: 82/87 MP: 12/21
  9893 | D:10     | Reached *** piety under Vehumet
  9894 | D:10     | Reached skill level 9 in Fighting
 10648 | D:10     | Noticed Psyche
 10653 | D:10     | Killed Psyche
 10753 | D:10     | Noticed Gastronok
 10957 | D:11     | Found a runed translucent gate.
 10958 | D:11     | Found a runed translucent gate.
 10959 | D:11     | Found a runed translucent gate.
 10961 | D:11     | Noticed Rawos's ghost (journeyman DEFE)
 10962 | D:11     | Noticed Ufram's ghost (journeyman FoEn)
 11277 | D:11     | Found a staircase to the Lair.
 11569 | D:11     | You fall into a shaft and drop 1 floor!
 11809 | D:11     | Noticed Amaemon
 11830 | D:11     | Killed Amaemon
 11831 | D:11     | Reached skill level 10 in Fighting
 12200 | D:11     | Found Micsubb's Antique Weapon Boutique.
 12334 | D:12     | Reached skill level 5 in Shields
 12575 | D:12     | Offered knowledge of Ignite Poison by Vehumet.
 12592 | D:12     | Learned a level 3 spell: Ignite Poison
 12851 | D:12     | Noticed a two-headed ogre
 13352 | D:12     | Gained mutation: Your magical and physical power is
                  | slightly enhanced at high health. [demonic ancestry]
 13352 | D:12     | Reached XP level 12. HP: 99/99 MP: 21/24
 13535 | D:12     | Killed a two-headed ogre
 13823 | D:12     | Noticed an ogre mage
 13823 | D:12     | Noticed a centaur warrior
 13824 | D:12     | Noticed a tengu reaver
 13824 | D:12     | Noticed a fire giant
 13830 | D:12     | Noticed a centaur warrior
 14060 | D:3      | Reached skill level 11 in Fighting
 14063 | D:3      | Killed SlaveLabor's ghost
 14072 | D:3      | Reached **** piety under Vehumet
 14079 | D:3      | Offered knowledge of Iskenderun's Mystic Blast by Vehumet.
 14086 | D:3      | Learned a level 4 spell: Iskenderun's Mystic Blast
 14332 | D:10     | Killed Gastronok
 14411 | Lair:1   | Entered Level 1 of the Lair of Beasts
 14470 | Lair:1   | Reached skill level 1 in Translocations
 14831 | Lair:1   | Noticed Grum
 14842 | Lair:1   | Killed Grum
 15541 | Lair:1   | Noticed Fannar
 15832 | Lair:1   | Killed Fannar
 16063 | Lair:2   | Noticed a death yak
 16070 | Lair:2   | Killed a death yak
 16071 | Lair:2   | Reached skill level 12 in Fighting
 16149 | Lair:2   | Found a staircase to the Swamp.
 16266 | Lair:1   | You are sucked into a shaft and drop 1 floor!
 16486 | Lair:2   | Found a staircase to the Snake Pit.
 16519 | Lair:2   | Reached ***** piety under Vehumet
 16662 | Lair:2   | Offered knowledge of Fulminant Prism by Vehumet.
 16674 | Lair:2   | Gained mutation: A meltable icy envelope protects you from
                  | harm. (AC +0) [demonic ancestry]
 16674 | Lair:2   | Reached XP level 13. HP: 107/109 MP: 11/26
 17431 | Lair:2   | Reached skill level 13 in Fighting
 17799 | Lair:2   | Learned a level 3 spell: Mephitic Cloud
 18214 | Lair:3   | Reached skill level 1 in Poison Magic
 18322 | Lair:3   | Reached skill level 1 in Air Magic
 19346 | Lair:4   | Reached skill level 10 in Earth Magic
 19514 | Lair:4   | Reached skill level 10 in Spellcasting
 19539 | Lair:4   | Reached skill level 14 in Fighting
 19685 | Lair:4   | Found a staircase to the Slime Pits.
 19737 | Lair:4   | Found a viscous altar of Jiyva.
 20585 | Lair:5   | Entered Level 5 of the Lair of Beasts
 20622 | Lair:5   | Offered knowledge of Sticky Flame by Vehumet.
 20649 | Lair:5   | Found a dark tunnel.
 20657 | Volcano  | Entered a volcano
 20713 | Volcano  | Gained mutation: You are mostly covered in thin metallic
                  | scales. (AC +3) [demonic ancestry]
 20713 | Volcano  | Reached XP level 14. HP: 107/120 MP: 20/28
 21987 | Lair:5   | Reached skill level 15 in Fighting
 22245 | Lair:5   | Paralysed by a hornet for 3 turns
 22923 | Lair:5   | Offered knowledge of Orb of Destruction by Vehumet.
 23023 | Lair:5   | Identified the +2 robe "Konna" {rElec rC- rN+ Str+3}
 23167 | Lair:5   | Noticed a quicksilver ooze
 23364 | D:9      | Learned a level 7 spell: Orb of Destruction
 23365 | Orc:1    | Entered Level 1 of the Orcish Mines
 23367 | Orc:1    | Noticed Snorg
 23396 | Orc:1    | Killed Snorg
 23514 | Orc:1    | Found Daocax's Antique Weapon Boutique.
 23853 | Orc:1    | Found a bloodstained altar of Trog.
 23945 | Orc:2    | Entered Level 2 of the Orcish Mines
 24150 | Orc:2    | Found a staircase to the Elven Halls.
 24428 | Orc:2    | Found Vupp's Assorted Antiques.
 24450 | Orc:2    | Reached XP level 15. HP: 116/130 MP: 11/30
 24472 | Orc:2    | Found Lysyinik's Weapon Emporium.
 24542 | Orc:2    | Found Miuvogaa's Book Shop.
 24544 | Orc:2    | Bought a scroll labelled QEBLOAKK VEGH for 25 gold pieces
 24544 | Orc:2    | Bought a scroll labelled ZUOSCH XYUNIUT for 25 gold pieces
 24551 | Orc:2    | Found Qisunir's Assorted Antiques.
 24560 | Orc:2    | Bought a smoking marble ring for 180 gold pieces
 24560 | Orc:2    | Identified the ring of Juidudgh {rF+ rN+} (You bought it in
                  | a shop on level 2 of the Orcish Mines)
 24831 | Orc:2    | Bought Great Wizards, Vol. II for 570 gold pieces
 24837 | Orc:2    | Learned a level 5 spell: Borgnjor's Vile Clutch
 25377 | D:12     | Killed a fire giant
 25917 | D:13     | Reached skill level 16 in Fighting
 26027 | D:13     | Slain by a very large slime creature

Illustrated notes

Levels and vault maps discovered:
D:1:      dpeg_arrival_rooms_with_view, layout_loops_cross
D:2:      layout_rooms, serial_undead, serial_undead_e, serial_undead_d,
          serial_undead_d, serial_undead_e,
          nicolae_concentric_dashed_squares_wild
D:3:      layout_rooms, gammafunk_ghost_nasty_kobolds, gup_sewer_entry_bowl,
          uniq_grinder, uniq_terence
D:4:      layout_gridville, chequers_arboretum, chequers_serial_rivers_micro_b
D:5:      layout_cave_pools, xom_confusion_cloud, serial_shops, shop
D:6:      layout_rooms, minmay_temple_entry_statues_fountains,
          nicolae_shop_gadgets
D:7:      layout_gridville
D:8:      layout_loops_ring, lemuel_coloured_pillars_altar, supply_closet_lemuel
D:9:      layout_basic, mainiacjoe_overflow_six_doors_small, orc_david_3,
          serial_co_window_serial, co_window_paths_b,
          co_window_of_opportunity_a, co_window_corner_a, co_window_corner_a,
          co_window_paths_a, co_window_of_opportunity_a, co_window_corner_a,
          co_window_corner_b, co_window_paths_c, co_window_broadway_b,
          co_window_broadway_a, co_window_2corner, glass_columns_a,
          glass_columns_b, glass_columns_a, minmay_ruffians
D:10:     layout_gridville, serial_shops, shop, corexii_checkpoint_a,
          uniq_gastronok, uniq_erica, uniq_sonja, uniq_psyche
D:11:     layout_irregular_city, lair_entry_dummy, gammafunk_ghost_cemetery,
          serial_shops, nicolae_shop_real_fake_doors, dk_noncrumbling_3,
          patterned_corridor, uniq_amaemon
D:12:     nzn_winding_woodlands_cross [nzn_winding_woodlands_5x15_parted,
          nzn_winding_woodlands_5x15_default, nzn_winding_woodlands_5x15_zeroes,
          nzn_winding_woodlands_5x15_concentric,
          nzn_winding_woodlands_15x15_thick_spiral], layout_basic, st_stairs_6
D:13:     layout_loops_ring
Temple:   compressed_dpeg_triangle_lava_temple
Lair:1:   layout_layer_cave, chequers_serial_rivers_marsh, beast_lair_carwin_11,
          infiniplex_staircase_pool_2, grunt_megastairs_5, uniq_fannar,
          uniq_grum
Lair:2:   regret_index_bee_streams, layout_hall_layers, swamp_mist,
          guppyfry_snake_entry_garden, chequers_serial_rivers_marsh
Lair:3:   dpeg_oklob_shooting_range, layout_gridlike, basic_altar
Lair:4:   layout_roguey, minmay_slime_entry_oklob_open, grunt_megastairs_1
Lair:5:   minmay_lair_end_enchanted_forest, layout_misc_corridors,
          nicolae_volcano_entry_s_turn, basic_altar,
          nicolae_lair_time_for_slime, serial_bayou_shore_b
Orc:1:    layout_caves, serial_shops, shop, nicolae_orc_stony_grotto,
          trog_butcher_becter, uniq_snorg
Orc:2:    st_orc_open, layout_diamond_mine, nicolae_orc_crystal_geode

Skill      XL: |  1  2  3  4  5  6  7  8  9 10 11 12 13 14 15 |
---------------+----------------------------------------------+-----
Fighting       | 1 2 3 4 5 7 8 10 12 14 15 16 | 16.0
Earth Magic    | 3 4 5 6 7 8 9 10 11 | 11.6
Conjurations   | 1 2 3 4 5 6 7 |  7.0
Spellcasting   | 3 4 5 6 8 9 10 11 | 11.5
Transmutations | 1 3 |  3.0
Armour         | 1 3 4 5 6 |  6.9
Evocations     | 3 |  3.0
Shields        | 3 5 6 |  6.9
Translocations | 3 |  3.0
Poison Magic   | 3 |  3.0
Air Magic      | 3 |  3.0
Dodging        | |  1.7
Stealth        | |  1.7

Action                     |  1- 3 |  4- 6 |  7- 9 | 10-12 | 13-15 || total
---------------------------+-------+-------+-------+-------+-------++-------
  Melee: Spear             |    31 |    15 |       |       |       ||    46
         Punch             |     1 |     1 |     3 |       |       ||     5
         Long sword        |       |    82 |   118 |   222 |   349 ||   771
         Scimitar          |       |       |       |       |    13 ||    13
   Cast: Sandblast         |    39 |    36 |    42 |    77 |    48 ||   242
         Stone Arrow       |       |     4 |    65 |   205 |   195 ||   469
         Passwall          |       |       |     1 |     6 |     5 ||    12
         Iskenderun's Myst |       |       |       |    23 |    60 ||    83
         Mephitic Cloud    |       |       |       |       |    51 ||    51
         Ignite Poison     |       |       |       |       |    12 ||    12
         Borgnjor's Vile C |       |       |       |       |     5 ||     5
  Evoke: Wand              |       |       |       |     5 |     3 ||     8
    Use: Scroll            |       |     3 |     6 |    12 |     8 ||    29
         Potion            |       |     1 |     1 |     3 |     1 ||     6
   Stab: Sleeping          |     2 |     2 |     1 |     3 |     3 ||    11
         Confused          |       |       |       |       |     6 ||     6
         Distracted        |       |       |       |       |     1 ||     1
 Armour: Robe              |    11 |    20 |       |       |       ||    31
         Ring mail         |       |     5 |    22 |       |       ||    27
         Leather armour    |       |       |    42 |   115 |   308 ||   465
  Dodge: Dodged            |    34 |   152 |   151 |   300 |   391 ||  1028
  Block: Buckler           |       |       |     2 |   249 |   329 ||   580

Table legend: (Time is in decaauts)
 A = Elapsed time spent in this place.
 B = Non-inter-level travel time spent in this place.
 C = Inter-level travel time spent in this place.
 D = Time resting spent in this place.
 E = Time spent auto-exploring this place.
 F = Levels seen in this place.
 G = Mean time per level.
                   A        B        C        D        E       F      G
               +--------+--------+--------+--------+--------+-----+--------+
         Total |  26593 |  25089 |   1504 |   3649 |  16891 |  23 | 1156.2 |
       Dungeon |  15235 |  14199 |   1036 |   1713 |  10219 |  13 | 1171.9 |
        Temple |    136 |    108 |     28 |      0 |     96 |   1 |  136.0 |
          Lair |   8513 |   8262 |    251 |   1368 |   5245 |   5 | 1702.6 |
  Orcish Mines |   1812 |   1624 |    188 |    201 |   1160 |   2 |  906.0 |
         Sewer |    303 |    303 |      0 |      0 |    161 |   1 |  303.0 |
       Volcano |    591 |    591 |      0 |    367 |      9 |   1 |  591.0 |
               +--------+--------+--------+--------+--------+-----+--------+

Top non-repeatable levels by time:
  Lair:2: 2040 daAuts
    D:12: 2034 daAuts
  Lair:5: 1984 daAuts
     D:9: 1856 daAuts
  Lair:1: 1783 daAuts
    D:10: 1692 daAuts
    D:11: 1523 daAuts
  Lair:4: 1467 daAuts
     D:7: 1282 daAuts
  Lair:3: 1237 daAuts
     D:4: 1123 daAuts
     D:8: 1119 daAuts
   Orc:1: 1019 daAuts
     D:5: 950 daAuts
     D:6: 906 daAuts
